 Dungeon Crawl Stone Soup version 0.30.1-11-g7821555f0a (webtiles) character file.

Game seed: 2377412985039663190

7586 Peloso the Carver (level 10, -4/92 HPs)
             Began as a Minotaur Fighter on Dec 8, 2023.
             Was a Priest of Okawaru.
             Killed by vampiric draining
             ... invoked by a vampire
              (19 damage)
             ... on level 10 of the Dungeon.
             The game lasted 00:24:34 (11251 turns).

Peloso the Carver (Minotaur Fighter)               Turns: 11251, Time: 00:24:34

Health: -4/92      AC: 21    Str: 22    XL:     10   Next: 97%
Magic:  9/10       EV: 20    Int:  5    God:    Okawaru [***...]
Gold:   485        SH: 12    Dex: 13    Spells: 9/9 levels left

rFire   . . .        a - +0 long sword
rCold   . . .        d - +0 kite shield
rNeg    . . .        e - +0 plate armour
rPois   .            (helmet restricted)
rElec   .            g - +0 cloak
rCorr   .            q - +0 pair of gloves
SInv    .            G - +0 pair of boots
Will    .....        (no amulet) Stlth
                     w - +5 ring of evasion
HPRegen 0.35/turn    I - +5 ring of evasion
MPRegen 0.12/turn

%: no passive effects
@: heroic
A: horns 2, retaliatory headbutt
a: Renounce Religion, Heroism


You were on level 10 of the Dungeon.
You worshipped Okawaru.
Okawaru was most pleased with you.
You visited 2 branches of the dungeon, and saw 11 of its levels.
You also visited: Bailey.

You collected 632 gold pieces.
You spent 147 gold pieces at shops.

Inventory:

Hand Weapons
 a - a +0 long sword (weapon)
 b - a +2 short sword of flaming
Missiles
 N - 5 throwing nets (quivered)
Armour
 c - a +0 scale mail
 d - a +0 kite shield (worn)
 e - a +0 plate armour (worn)
 g - a +0 cloak (worn)
 q - a +0 pair of gloves (worn)
 G - a +0 pair of boots (worn)
 P - a +0 crystal plate armour
Jewellery
 u - the ring of Zoibb {rC- Str+3 Int+3 SInv Stlth+}
   (You found it in a bailey)

   [ring of see invisible]

   Str:       It affects your strength (+3).
   Int:       It affects your intelligence (+3).
   rC:        It makes you vulnerable to cold.
   SInv:      It lets you see invisible.
   Stlth:     It makes you more stealthy.
 w - a +5 ring of evasion (left hand)
 x - a ring of ice
 B - a +6 ring of strength
 I - a +5 ring of evasion (right hand)
 K - an amulet of faith
 L - a ring of positive energy
 S - a ring of protection from cold
Wands
 F - a wand of flame (53)
 Q - a wand of mindburst (1)
 R - a wand of quicksilver (5)
Scrolls
 f - 3 scrolls of amnesia {unknown}
 h - 3 scrolls of magic mapping
 k - 2 scrolls of vulnerability {unknown}
 l - 4 scrolls of immolation {unknown}
 m - 3 scrolls of summoning {unknown}
 p - a scroll of identify
 r - 4 scrolls of teleportation
 s - a scroll of enchant armour
 t - 3 scrolls of enchant weapon {unknown}
 y - a scroll of poison
 z - a scroll of noise
 D - 2 scrolls of brand weapon {unknown}
Potions
 i - 4 potions of curing
 j - 3 potions of might
 n - 2 potions of ambrosia
 v - a potion of lignification
 A - 2 potions of flight
 E - 2 potions of invisibility
 H - a potion of mutation
 J - a potion of resistance
Miscellaneous
 M - a box of beasts
 O - a phial of floods


   Skills:
 + Level 9.7(14.7) Fighting
 + Level 12.4(17.4) Long Blades
 + Level 9.5(14.5) Armour
 + Level 5.2(10.2) Dodging
 + Level 1.9(6.9) Stealth
 + Level 8.3(13.3) Shields
 + Level 1.4 Invocations
 + Level 0.4 Evocations


You had 9 spell levels left.
You didn't know any spells.
Your spell library contained the following spells:

 Spells                   Type           Power      Damage    Failure   Level
 Beastly Appendage        Tmut           0%         N/A       100%        1
 Magic Dart               Conj           0%         1d3       100%        1
 Sublimation of Blood     Necr           0%         N/A       100%        2
 Wereblood                Tmut           0%         N/A       100%        2
 Spider Form              Tmut/Pois      0%         N/A       100%        3
 Vhi's Electric Charge    Tloc/Air       0%         N/A       100%        3
 Petrify                  Tmut/Erth      0%         N/A       100%        4
 Arcjolt                  Conj/Air       0%         1d10      100%        5
 Borgnjor's Vile Clutch   Necr/Erth      0%         N/A       100%        5
 Irradiate                Conj/Tmut      0%         3d11      100%        5
 Plasma Beam              Fire/Air       0%         2x1d11    100%        6
 Maxwell's Capacitive Co  Air            0%         ∞         100%        8
 Animate Dead             Necr           Unusable   N/A       N/A         4
 Death Channel            Necr           Unusable   N/A       N/A         6

Dungeon Overview and Level Annotations

Branches:
Dungeon (10/15)            Temple (1/1) D:5            Lair (0/5) D:8
 Bailey (visited)
    Orc: D:9-12

Altars:
Ashenzari
Cheibriados
Dithmenos
Fedhas
Hepliaklqana
Kikubaaqudgha
Makhleb
Nemelex Xobeh
Okawaru
Qazlal
Ru
Sif Muna
Trog
Uskayaw
Vehumet
Wu Jian
Yredelemnul
Zin
The Shining One

Shops:
D:1 [   D:9 ?

Annotations:
D:9 Amaemon


Innate Abilities, Weirdness & Mutations

You have a pair of horns on your head.
You reflexively headbutt those who attack you in melee.


Message History

Something hits you. Something bites you but does no damage.
You slash something! Something hits you. You block something's attack.
You barely miss something. You barely miss something. You headbutt something.
You block something's attack. Something bites you but does no damage.
You hit something but do no damage. You headbutt something.
Something draws life force from you!
* * * LOW HITPOINT WARNING * * *
You hit something but do no damage. You headbutt something. Something hits you!
* * * LOW HITPOINT WARNING * * *
You block something's attack.
You barely miss something. You slash something! Your headbutt misses something.
Something closely misses you. x2
You hit something but do no damage. Something hits you but does no damage.
You block something's attack.
Aiming: Iceblast
Press: ? - help, Shift-Dir - straight line The mass of ice explodes!
The iceblast engulfs something.
The iceblast engulfs you but does no damage.
Something hits you.
* * * LOW HITPOINT WARNING * * *
Something bites you.
* * * LOW HITPOINT WARNING * * *
Something draws strength from your injuries!
You feel much better. Something hits you.
Something bites you but does no damage.
Aiming: Iceblast
Press: ? - help, Shift-Dir - straight line The mass of ice explodes!
The iceblast engulfs something!
The iceblast engulfs you but does no damage.
The now-empty wand crumbles to dust.
Something draws life force from you!
* * * LOW HITPOINT WARNING * * *
Unknown command.
Unknown command.
Aiming: Quicksilver Bolt
Press: ? - help, Shift-Dir - straight line A wight comes into view.
It is wielding a +0 trident and wearing a +0 robe of cold resistance.
Something draws life force from you!!
You die...

.z..... ..
.......######..
...............
................#
......!...... ..#
........... ..#
.)......{######.#
........@#....#.#
###+##...#....#.#######
#...'....#.......#
#...#....#.......#
#...####'#.#######
#..........# #..........#
#.>........#
##############..........#


You could see a wight.

Vanquished Creatures
  2 two-headed ogres
  An elephant (D:8)
  3 wraiths
  Sigmund (D:6)
  7 yaks
  A basilisk (D:7)
  A wyvern (D:9)
  2 steam dragons
  2 water moccasins
  A sky beast (D:7)
  A black bear (D:8)
  2 ice beasts (D:7)
  2 ogres
  4 wolves (Bailey)
  6 centaurs
  3 phantoms
  A kobold brigand (D:5)
  11 gnoll sergeants
  4 scorpions
  3 bullfrogs
  4 killer bees (D:9)
  4 hounds
  4 jellies
  5 gnoll boudas
  2 orc wizards
  34 gnolls
  4 adders
  2 shadow imps
  2 ufetubi (D:5)
  A worm (D:4)
  2 dart slugs (D:3)
  11 orcs
  5 endoplasms
  A giant cockroach (D:1)
  8 goblins
  5 hobgoblins
  7 jackals (D:1)
  10 kobolds
  2 quokkas
  6 ball pythons
  3 bats
  A frilled lizard (D:1)
  A rat (D:2)
182 creatures vanquished.

Notes
Turn   | Place    | Note
-------+----------+-------------------------------------------
     0 | D:1      | Peloso the Minotaur Fighter began the quest for the Orb.
     0 | D:1      | Reached XP level 1. HP: 19/19 MP: 0/0
   264 | D:1      | Found Serezu's Armour Shop.
   322 | D:1      | Reached XP level 2. HP: 26/27 MP: 1/1
   436 | D:1      | Reached skill level 3 in Long Blades
   795 | D:2      | Reached XP level 3. HP: 31/33 MP: 2/2
   942 | D:2      | Reached skill level 1 in Dodging
   942 | D:2      | Reached XP level 4. HP: 29/40 MP: 3/3
  1112 | D:2      | Identified the +3 dagger "Hiv Syll" {distort, Str+3 SInv}
  1424 | D:2      | Found a faded altar of an unknown god.
  1831 | D:3      | Noticed a scorpion
  1836 | D:3      | Killed a scorpion
  1837 | D:3      | Reached skill level 4 in Long Blades
  1837 | D:3      | Reached XP level 5. HP: 47/47 MP: 4/4
  2480 | D:4      | Found a bloodstained altar of Trog.
  2886 | D:5      | Entered Level 5 of the Dungeon
  2962 | D:4      | Reached skill level 5 in Long Blades
  2976 | D:5      | Reached XP level 6. HP: 50/53 MP: 5/5
  3033 | D:5      | Identified the +7 spear of the Purse {flame, Drain rF+
                  | rN+++ Stlth+}
  3091 | D:5      | Reached skill level 5 in Armour
  3572 | D:5      | Reached skill level 6 in Long Blades
  3588 | D:5      | Reached skill level 5 in Fighting
  3588 | D:5      | Reached XP level 7. HP: 54/61 MP: 6/6
  3657 | D:5      | Reached skill level 5 in Shields
  3729 | D:5      | HP: 3/61 [poisoned by a water moccasin]
  3941 | D:4      | Reached skill level 7 in Long Blades
  4021 | D:5      | Found a staircase to the Ecumenical Temple.
  4081 | Temple   | Entered the Ecumenical Temple
  4096 | Temple   | Became a worshipper of Warmaster Okawaru
  4355 | D:5      | Found a shimmering blue altar of Sif Muna.
  4356 | D:5      | Found an ancient bone altar of Kikubaaqudgha.
  4357 | D:5      | Found a radiant altar of Vehumet.
  4362 | D:5      | Got Vehumet's Tome of Forces
  4430 | D:6      | Reached XP level 8. HP: 68/69 MP: 7/7
  4488 | D:6      | Noticed Sigmund
  4501 | D:6      | Killed Sigmund
  4746 | D:6      | Reached skill level 8 in Long Blades
  4875 | D:6      | Reached * piety under Okawaru
  5521 | D:6      | Found a broken altar of Ashenzari.
  6092 | D:7      | Reached skill level 1 in Stealth
  6357 | D:7      | Reached skill level 9 in Long Blades
  6364 | D:7      | Reached XP level 9. HP: 40/78 MP: 8/8
  6482 | D:7      | Found a glowing silver altar of Zin.
  6484 | D:7      | Found a sparkling altar of Nemelex Xobeh.
  7033 | D:7      | Found an ornate altar of the Wu Jian Council.
  7409 | D:8      | Found a staircase to the Lair.
  7409 | D:8      | Noticed an elephant
  7436 | D:8      | Reached ** piety under Okawaru
  7802 | D:8      | Reached skill level 10 in Long Blades
  7851 | D:8      | Killed an elephant
  7910 | D:8      | Noticed a two-headed ogre
  7915 | D:8      | Killed a two-headed ogre
  7921 | D:8      | Reached *** piety under Okawaru
  8035 | D:8      | Reached skill level 11 in Long Blades
  8035 | D:8      | Reached XP level 10. HP: 57/88 MP: 9/9
  8638 | D:9      | Found a hide-covered altar of Uskayaw.
  8641 | D:9      | Found Ucsed's Magic Scroll Shoppe.
  8644 | D:9      | Bought a scroll of magic mapping for 105 gold pieces
  8644 | D:9      | Bought a scroll of teleportation for 42 gold pieces
  8768 | D:9      | Found a flagged portal.
  8800 | Bailey   | Entered a bailey
  8814 | Bailey   | Reached skill level 5 in Dodging
  9608 | Bailey   | Identified the ring of Zoibb {rC- Str+3 Int+3 SInv Stlth+}
 10100 | D:9      | Noticed an orange demon
 10103 | D:9      | Noticed Amaemon
 10129 | D:9      | Found a stormy altar of Qazlal.
 10138 | D:9      | Reached skill level 1 in Invocations
 10622 | D:9      | Reached skill level 12 in Long Blades
 11065 | D:10     | Entered Level 10 of the Dungeon
 11124 | D:10     | Noticed a two-headed ogre
 11141 | D:10     | Killed a two-headed ogre
 11156 | D:10     | Reached **** piety under Okawaru
 11251 | D:10     | Killed from afar by a vampire

Illustrated notes

Levels and vault maps discovered:
D:1:      dpeg_arrival_orchard, layout_basic, serial_shops, shop_statue,
          dk_noncrumbling_4
D:2:      layout_loops_cross, basic_ecumenical_altar
D:3:      layout_loops_ring
D:4:      layout_basic, mainiacjoe_overflow_alcove_1, grunt_ministairs_14
D:5:      layout_cave_pools, grunt_temple_overflow_magic_moments,
          minmay_temple_entry_poolview
D:6:      layout_layer_cave, cheibrodos_ashenzari_chains, uniq_sigmund
D:7:      layout_basic, nicolae_wu_jian_immortal_techniques,
          mainiacjoe_overflow_catwalk_spiral
D:8:      layout_loops_ring, david_lair_generic
D:9:      layout_roguey, grunt_qazlal_sundering, kennysheep_mini, serial_shops,
          shop, enter_bailey_3, uniq_amaemon
D:10:     kennysheep_spiral_hall, layout_irregular_city,
          gammafunk_temple_overflow_elements, minivault_23, dk_rats_in_the_wall
Temple:   eino_temple_lava

Skill      XL: |  1  2  3  4  5  6  7  8  9 10 |
---------------+-------------------------------+-----
Armour         | 4 5 6 7 8 9 |  9.5
Long Blades    | 3 4 5 6 7 9 11 12 | 12.4
Shields        | 4 5 6 8 |  8.3
Fighting       | 4 5 6 8 9 |  9.7
Dodging        | 1 2 3 4 5 |  5.2
Stealth        | 1 |  1.9
Invocations    | 1 |  1.4
Evocations     | |  0.4

Action                     |  1- 3 |  4- 6 |  7- 9 | 10-12 || total
---------------------------+-------+-------+-------+-------++-------
  Melee: Long sword        |    80 |   100 |   222 |   342 ||   744
         Headbutt          |     9 |    21 |    52 |   106 ||   188
 Invoke: Heroism           |       |       |       |     7 ||     7
  Evoke: Wand              |       |       |     3 |     3 ||     6
    Use: Scroll            |       |     2 |       |    14 ||    16
         Potion            |       |       |     2 |     4 ||     6
 Armour: Scale mail        |    41 |    38 |    81 |    10 ||   170
         Plate armour      |       |       |       |    72 ||    72
  Dodge: Dodged            |    59 |    98 |   171 |   234 ||   562
  Block: Buckler           |    23 |    40 |    71 |     3 ||   137
         Kite shield       |       |       |       |   189 ||   189
